 Dungeon Crawl Stone Soup version 0.26.0-9-gab577f9fc5 (webtiles) character file.

Game seed: 7785148840618337998

1382607 GordonOverkill the Englaciator (level 27, 199/199 HPs)
             Began as a Kobold Transmuter on Jan 13, 2021.
             Was the Champion of Vehumet.
             Escaped with the Orb
             ... and 3 runes!
             The game lasted 07:08:25 (132729 turns).

GordonOverkill the Englaciator (KoTm)             Turns: 132729, Time: 07:08:25

Health: 199/199    AC: 16    Str: 16    XL:     27
Magic:  67/67      EV: 20    Int: 33    God:    Vehumet [******]
Gold:   2882       SH: 12    Dex: 12    Spells: 15/70 levels left

rFire    + + +     SeeInvis +   a - +4 spear of the Hall of Blades {freeze, rElec MP+9 SInv}
rCold    + + .     Faith    .   S - +3 buckler {rC+ rF+}
rNeg     + . .     Spirit   .   H - +2 robe {rC+ rF+}
rPois    +         Reflect  .   r - +2 helmet {Int+3}
rElec    +         Harm     .   U - +2 cloak {rPois}
rCorr    .         Rampage  .   m - +2 pair of gloves
Will     +++++     Clarity  +   n - +2 pair of boots {run}
Stlth    ++........             R - amulet of the Four Winds {rN+ Will+++ Clar}
HPRegen  0.43/turn              y - ring "Zyj Xoza" {rF+ Will+ MP+9 Dex-4, =R}
MPRegen  0.40/turn              V - ring "Fily Gin" {rElec Str+6 Int+6}

@: quick
A: small, camouflage 1, nightstalker 3
0: Orb of Zot
}: 3/15 runes: serpentine, barnacled, slimy
a: Renounce Religion


You escaped.
You worshipped Vehumet.
Vehumet was exalted by your worship.
You visited 11 branches of the dungeon, and saw 55 of its levels.
You visited 1 bazaar.
You also visited: Trove, Sewer, Bailey, Ice Cave and Desolation.

You collected 7822 gold pieces.
You spent 4940 gold pieces at shops.

Inventory:

Hand Weapons
 a - the +4 spear of the Hall of Blades (weapon) {freeze, rElec MP+9 SInv}
   (You found it on level 6 of the Lair of Beasts)

   It has been specially enchanted to freeze those struck by it, causing extra
   injury to most foes and up to half again as much damage against particularly
   susceptible opponents.
   It can also slow down cold-blooded creatures.
   It insulates you from electricity.
   It affects your magic capacity (+9).
   It lets you see invisible.
 b - a +9 rapier of holy wrath
Missiles
 G - 14 curare-tipped darts (quivered)
 M - 7 throwing nets
Armour
 m - a +2 pair of gloves (worn)
 n - a +2 pair of boots of running (worn)
 r - a +2 helmet of intelligence (worn)
 H - a +2 robe of resistance (worn)
 S - a +3 buckler of resistance (worn)
 U - a +2 cloak of poison resistance (worn)
Jewellery
 y - the ring "Zyj Xoza" (left hand) {rF+ Will+ MP+9 Dex-4, =R}
   (You acquired it on level 15 of the Dungeon)

   [ring of willpower]

   It affects your dexterity (-4).
   It protects you from fire.
   It affects your willpower, your defense against some magical effects.
   It affects your magic capacity (+9).
 C - an uncursed ring of protection from fire
 R - the amulet of the Four Winds (around neck) {rN+ Will+++ Clar}
   (You found it on level 5 of the Pits of Slime)

   [amulet of nothing]

   It protects you from negative energy.
   It affects your willpower, your defense against some magical effects.
   It protects you against confusion.
 T - an uncursed amulet of guardian spirit
 V - the ring "Fily Gin" (right hand) {rElec Str+6 Int+6}
   (You found it on level 2 of the Elven Halls)

   [ring of intelligence]

   It affects your strength (+6).
   It affects your intelligence (+6).
   It insulates you from electricity.
Wands
 g - a wand of paralysis (28)
 o - a wand of digging (21)
 z - a wand of acid (9)
 I - a wand of enslavement (15)
Scrolls
 f - 6 scrolls of magic mapping
 j - a scroll of holy word
 q - 20 scrolls of remove curse
 u - 14 scrolls of amnesia
 v - 6 scrolls of blinking
 x - 4 scrolls of fog
 A - 3 scrolls of summoning
 D - 9 scrolls of immolation
 E - 18 scrolls of teleportation
 F - a scroll of enchant armour
 K - 9 scrolls of fear
 N - 5 scrolls of vulnerability
 Q - 20 scrolls of identify
 Y - 3 scrolls of silence
Potions
 c - a potion of magic
 d - 23 potions of heal wounds
 i - 9 potions of haste
 k - 3 potions of berserk rage
 l - 9 potions of mutation
 p - 14 potions of brilliance
 t - 2 potions of ambrosia
 w - 14 potions of curing
 B - 14 potions of might
 J - 6 potions of cancellation
 L - 3 potions of resistance
 O - 4 potions of invisibility
 W - 19 potions of lignification
Miscellaneous
 e - a phial of floods
 h - a box of beasts
 s - a phantom mirror
 P - a lightning rod (4/4)
 X - a condenser vane
 Z - a tin of tremorstones (2/2)


   Skills:
 O Level 27 Fighting
 - Level 7.0 Short Blades
 - Level 10.0 Dodging
 - Level 6.0 Stealth
 - Level 15.0 Shields
 - Level 3.0 Unarmed Combat
 + Level 22.1 Spellcasting
 - Level 12.0 Conjurations
 - Level 10.0 Hexes
 - Level 10.0 Transmutations
 O Level 27 Ice Magic
 - Level 5.0 Air Magic
 - Level 10.0 Earth Magic
 - Level 10.0 Evocations


You had 15 spell levels left.
You knew the following spells:

 Your Spells              Type           Power        Failure   Level
a - Statue Form           Tmut/Erth      53%          1%          6
b - Airstrike             Air            31%          1%          4
c - Slow                  Hex            80%          1%          2
d - Cause Fear            Hex            40%          1%          4
e - Metabolic Englaciati  Hex/Ice        51%          0%          5
f - Absolute Zero         Ice            60%          1%          9
g - Freezing Cloud        Conj/Ice/Air   46%          1%          6
h - Passwall              Tmut/Erth      66%          1%          2
i - Ozocubu's Refrigerat  Ice            60%          0%          6
j - Orb of Destruction    Conj           43%          1%          7
k - Passage of Golubria   Tloc           N/A          9%          4

Your spell library contained the following spells:

 Spells                   Type           Power        Failure   Level
 Shatter                  Erth           40%          96%         9
 Fire Storm               Conj/Fire      33%          100%        9
 Beastly Appendage        Tmut           100%         0%          1
 Corona                   Hex            88%          0%          1
 Freeze                   Ice            100%         0%          1
 Sandblast                Erth           100%         0%          1
 Ensorcelled Hibernation  Hex/Ice        100%         0%          2
 Ice Form                 Ice/Tmut       100%         0%          4
 Animate Skeleton         Necr           72%          1%          1
 Apportation              Tloc           72%          1%          1
 Pain                     Necr           100%         1%          1
 Sting                    Tmut/Pois      100%         1%          1
 Summon Small Mammal      Summ           100%         1%          1
 Call Imp                 Summ           36%          1%          2
 Corpse Rot               Necr/Air       N/A          1%          2
 Poisonous Vapours        Pois/Air       100%         1%          2
 Swiftness                Air            62%          1%          2
 Wereblood                Tmut           80%          1%          2
 Confusing Touch          Hex            80%          1%          3
 Conjure Flame            Conj/Fire      66%          1%          3
 Ignite Poison            Fire/Tmut/Pois 55%          1%          3
 Inner Flame              Hex/Fire       62%          1%          3
 Mephitic Cloud           Conj/Pois/Air  65%          1%          3
 Portal Projectile        Hex/Tloc       100%         1%          3
 Spider Form              Tmut/Pois      31%          1%          3
 Static Discharge         Conj/Air       75%          1%          3
 Stone Arrow              Conj/Erth      100%         1%          3
 Summon Guardian Golem    Hex/Summ       62%          1%          3
 Tukima's Dance           Hex            80%          1%          3
 Leda's Liquefaction      Hex/Erth       40%          1%          4
 Petrify                  Tmut/Erth      80%          1%          4
 Sticky Flame             Conj/Fire      66%          1%          4
 Summon Ice Beast         Ice/Summ       90%          1%          4
 Blade Hands              Tmut           40%          1%          5
 Bolt of Magma            Conj/Fire/Erth 35%          1%          5
 Irradiate                Conj/Tmut      41%          1%          5
 Iskenderun's Battlesphe  Conj           86%          1%          5
 Lee's Rapid Deconstruct  Erth           40%          1%          5
 Lightning Bolt           Conj/Air       37%          1%          5
 Silence                  Hex/Air        36%          1%          5
 Yara's Violent Unravell  Hex/Tmut       40%          1%          5
 Conjure Ball Lightning   Conj/Air       37%          1%          6
 Hydra Form               Tmut           40%          1%          6
 Invisibility             Hex            80%          1%          6
 Iron Shot                Conj/Erth      41%          1%          6
 Simulacrum               Ice/Necr       45%          1%          6
 Call Canine Familiar     Summ           36%          2%          3
 Gell's Gravitas          Tloc           18%          2%          3
 Lesser Beckoning         Tloc           18%          2%          3
 Vampiric Draining        Necr           18%          2%          3
 Olgreb's Toxic Radiance  Pois           36%          2%          4
 Summon Lightning Spire   Summ/Air       52%          3%          4
 Alistair's Intoxication  Tmut/Pois      41%          3%          5
 Borgnjor's Vile Clutch   Necr/Erth      31%          3%          5
 Summon Mana Viper        Hex/Summ       62%          3%          5
 Eringya's Noxious Bog    Tmut/Pois      31%          4%          6
 Animate Dead             Necr           18%          9%          4
 Dragon Form              Tmut           40%          12%         7
 Spellforged Servitor     Conj/Summ      33%          16%         7
 Lehudib's Crystal Spear  Conj/Erth      41%          16%         8
 Agony                    Necr           36%          22%         5
 Summon Demon             Summ           18%          22%         5
 Summon Forest            Summ/Tloc      18%          22%         5
 Discord                  Hex            40%          65%         8
 Death Channel            Necr           18%          77%         6
 Dispersal                Tloc           18%          77%         6
 Shadow Creatures         Summ           N/A          77%         6
 Haunt                    Necr/Summ      18%          100%        7
 Summon Hydra             Summ           18%          100%        7
 Borgnjor's Revivificati  Necr           18%          100%        8
 Disjunction              Tloc           18%          100%        8
 Ignition                 Fire           18%          100%        8
 Infestation              Necr           18%          100%        8
 Necromutation            Tmut/Necr      31%          100%        8
 Death's Door             Necr           18%          100%        9
 Tornado                  Air            31%          100%        9


Dungeon Overview and Level Annotations

Branches:
Dungeon (15/15)            Temple (1/1) D:5            Lair (6/6) D:8
 Shoals (4/4) Lair:2        Snake (4/4) Lair:3        Slime (5/5) Lair:5
    Orc (2/2) D:12            Elf (3/3) Orc:2        Vaults (5/5) D:14
  Crypt (0/3) Vaults:2     Depths (5/5) D:15            Zot (5/5) Depths:5
  Sewer (visited)          Bailey (visited)           IceCv (visited)
Desolation (visited)

Altars:
Ashenzari
Cheibriados
Dithmenos
Elyvilon
Fedhas
Gozag
Hepliaklqana
Kikubaaqudgha
Makhleb
Nemelex Xobeh
Okawaru
Qazlal
Ru
Sif Muna
Trog
Uskayaw
Vehumet
Wu Jian
Xom
Yredelemnul
Zin
The Shining One
Beogh
Jiyva

Shops:
D:8 (   D:10 [=*?}   D:11 ?   Orc:1 [[   Orc:2 !(((   Elf:2 =[[   Elf:3 *
Snake:1 ?   Vaults:1 !   Depths:5 (

Portals:
Hell: Depths:1 Depths:2 Depths:3 Depths:4 Depths:5
Abyss: Depths:1 Depths:4
Pandemonium: Depths:3 Depths:5
Ziggurat: Depths:5


Innate Abilities, Weirdness & Mutations

You are small and have problems with some larger weapons.
You are completely attuned to the shadows.
Your skin changes colour to match your surroundings (Stealth+).


Message History

(D) Dungeon (T) Temple (L) Lair (A) Shoals (P) Snake Pit (M) Slime Pits (O) Orcish Mines (E) Elven Halls (V) Vaults (C) Crypt (U) Depths (H) Hell (Z) Zot
Where to? (Enter - D:1 @ (x,y), ? - help)
There is a stone staircase leading up here.
You climb upwards.
There is a stone staircase leading down here.
There is an escape hatch in the ceiling here.
Really go through this one-way escape hatch?
A mysterious force pulls you upwards. The hatch slams shut behind you.
You see here a +0 short sword.
(D) Dungeon (T) Temple (L) Lair (A) Shoals (P) Snake Pit (M) Slime Pits (O) Orcish Mines (E) Elven Halls (V) Vaults (C) Crypt (U) Depths (H) Hell (Z) Zot
Where to? (Enter - D:1 @ (x,y), ? - help)
There is an escape hatch in the floor here.
There is a staircase leading out of the dungeon here.
You have escaped!

.....# #..........#....... .....#
#.........>........ ....##
#...........####... ...##
#####.............##... .###
##.........###...#...... .####
#>.#.......#####.##..... ....####
#.#....∩....# ##....#### ###....#
#...........# #.....# ## # ####.#
#......@....# #.##..###. #
#.###.#....>....# #.###..#.. #
#.#......⌠...⌠..# #.###..... #
#.#.............###.##...... #
#.#.....................#...
######.#...................^.#...
.................).......####....
#....###...######.........##..#..
####..##...# #.........##.##.#


There were no monsters in sight!

Vanquished Creatures
  2 pandemonium lords
  the Royal Jelly (Slime:5)
  6 orbs of fire
  The ghost of Kejsarherre the Conqueror, a legendary MiMo of Okawaru (Zot:5)
  Mara (Snake:3)
  3 ancient liches (Zot:5)
  Sojobo (Depths:5)
  11 Killer Klowns
  Vashnia (Snake:2)
  A curse toe (Zot:3)
  10 golden dragons
  The ghost of Gemnonof the Warrior, an adept DgCj (Depths:5)
  Nikola (Shoals:1)
  An iron giant (shapeshifter) (Elf:3)
  2 electric golems (Zot:5)
  A Brimstone Fiend (Depths:1)
  20 tentacled monstrosities
  29 Orb Guardians
  8 liches
  The ghost of Xafer the Impaler, an adept DsGl of Okawaru (Vaults:4)
  2 deep elf blademasters (Elf:3)
  30 acid blobs
  2 deep elf master archers (Elf:3)
  A titan (Depths:3)
  6 quicksilver dragons
  An Executioner (Depths:1)
  A kraken (Shoals:4)
  The ghost of Timpihef the Spry, an adept OpAK of Lugonu (Elf:3)
  2 sphinxes
  Polyphemus (Shoals:3)
  Frances (Snake:2)
  8 tengu reavers
  6 death cobs
  Agnes (Elf:2)
  14 shadow dragons
  A shadow dragon (shapeshifter) (Depths:5)
  5 storm dragons
  Donald (Snake:2)
  Kirke (Snake:3)
  11 deep elf sorcerers
  10 draconian monks
  2 revenants
  20 azure jellies
  10 fire giants
  16 nagarajas
  2 ghost moths (Zot:5)
  An orc warlord (Orc:1)
  A balrug (Depths:5)
  10 vault wardens
  6 draconian knights
  A curse skull (Vaults:4)
  A ghost moth (shapeshifter) (Depths:3)
  4 draconian scorchers
  6 frost giants
  2 draconian stormcallers
  The ghost of littlecub the Fighter, a journeyman DsGl of Hepliaklqana (Snake:1)
  2 deep elf elementalists (Elf:3)
  2 imperial myrmidons (Desolation)
  4 spriggan defenders
  12 draconian annihilators
  13 ironheart preservers
  Aizul (Snake:2)
  29 very ugly things
  A draconian shifter (Zot:5)
  A war gargoyle (D:12)
  16 stone giants
  8 green draconians
  12 black draconians
  3 vampire knights
  Nessos (Lair:5)
  2 entropy weavers
  9 yellow draconians
  9 deep elf demonologists
  5 deep elf annihilators (Elf:3)
  The ghost of Teryn the Corrupter of Planes, a journeyman DsAK of Lugonu (Orc:1)
  9 spark wasps
  10 purple draconians
  2 halazid warlocks (Desolation)
  11 red draconians
  A spark wasp (shapeshifter) (Elf:3)
  A dire elephant (shapeshifter) (Elf:3)
  14 white draconians
  2 blizzard demons (IceCv)
  3 eidola (Vaults:4)
  10 ettins
  3 crystal guardians (Desolation)
  2 merfolk javelineers (Shoals:4)
  8 deep elf death magi
  Josephine (D:14)
  4 ragged hierophants (Desolation)
  4 merfolk impalers
  10 fire dragons
  3 death oozes (Slime:5)
  4 jiangshi
  7 servants of whispers (Desolation)
  15 great orbs of eyes
  19 naga warriors
  16 yaktaur captains
  6 ogre magi
  6 deep elf high priests
  A quicksilver dragon skeleton (Depths:4)
  24 vault guards (Vaults:5)
  12 peacekeepers
  A hell beast (Depths:1)
  11 ice dragons
  Fannar (Lair:1)
  Harold (Orc:1)
  An ice dragon (shapeshifter) (Elf:3)
  6 rakshasas
  2 catoblepae
  6 boulder beetles
  10 anacondas
  4 spriggan air magi
  9 hydras
  17 centaur warriors
  4 satyrs
  2 death knights (Vaults:1)
  18 two-headed ogres
  32 dancing weapons
  19 deep troll earth magi
  11 tengu warriors
  5 merfolk aquamancers
  An alligator snapping turtle (Shoals:2)
  3 hell hogs (Depths:4)
  8 deep troll shamans
  The ghost of mokwee the Tainter, a journeyman OpVM of Sif Muna (D:11)
  13 death yaks
  3 vampire magi
  2 orc high priests (Elf:3)
  A spriggan berserker (Depths:3)
  A sun demon (Depths:1)
  Nergalle (Lair:3)
  20 naga sharpshooters
  13 hell knights
  8 shock serpents
  Sonja (Lair:3)
  22 deep elf knights
  A fire crab (shapeshifter) (Depths:1)
  4 iron trolls
  A spriggan (Depths:4)
  17 sea snakes
  3 salamander mystics
  6 skeletal warriors
  7 flayed ghosts
  40 deep trolls
  3 unseen horrors
  A swamp dragon (Lair:6)
  3 phantasmal warriors
  2 glowing orange brains
  2 lindwurms (Lair:6)
  2 wizards
  9 harpies
  21 deep elf archers
  5 necromancers
  Pikel (D:4)
  10 naga ritualists
  60 deep elf magi
  9 ironbrand convokers
  9 orc knights
  4 wolf spiders
  12 cyclopes
  An orb spider (shapeshifter) (Vaults:2)
  8 shining eyes
  A stone giant zombie (Vaults:4)
  15 fauns
  51 ugly things
  14 manticores
  A shadow dragon skeleton (Depths:4)
  9 mana vipers
  4 orc sorcerers
  A salamander (shapeshifter) (Depths:2)
  A frost giant zombie (Depths:1)
  12 salamanders
  A human zombie (Vaults:1)
  30 moths of wrath
  A black mamba (shapeshifter) (Vaults:1)
  8 merfolk sirens
  Maurice (D:13)
  40 black mambas
  25 naga magi
  2 eyes of devastation
  9 elephants
  7 vault sentinels
  4 molten gargoyles (Desolation)
  A rust devil (Depths:1)
  4 ice statues (IceCv)
  3 water nymphs
  9 guardian serpents
  3 hellions
  2 torpor snails (Lair:6)
  2 smoke demons
  An eye of devastation (shapeshifter) (Vaults:2)
  13 cane toads
  A cane toad (shapeshifter) (Depths:1)
  6 gargoyles
  2 anaconda simulacra (IceCv)
  3 freezing wraiths
  3 kobold demonologists (D:11)
  68 yaktaurs
  A tormentor (D:9)
  12 rime drakes
  A yaktaur (shapeshifter) (D:12)
  12 komodo dragons
  5 hellwings
  5 trolls
  An entropy weaver simulacrum (Vaults:3)
  3 red devils (Depths:5)
  11 ice devils
  3 jumping spiders (shapeshifter)
  A jumping spider (Vaults:2)
  30 merfolk
  5 wind drakes
  A polar bear (shapeshifter) (Elf:3)
  3 tengu conjurers
  17 dream sheep
  2 polar bears
  10 blink frogs
  2 sphinx simulacra
  7 hornets
  121 slime creatures
  A frost giant simulacrum (Vaults:4)
  62 saltlings
  A human simulacrum (Vaults:1)
  A blink frog (shapeshifter) (Vaults:1)
  A hornet (shapeshifter) (Depths:1)
  An air elemental (Elf:2)
  5 snapping turtles
  A dire elephant simulacrum (IceCv)
  A centaur simulacrum (D:14)
  4 redbacks
  A spriggan (shapeshifter) (Depths:1)
  2 shadows
  3 wyverns
  11 wraiths
  A tarantella (Vaults:4)
  2 hogs (Snake:3)
  13 water elementals
  35 yaks
  3 steam dragons (Lair:6)
  A golden eye (shapeshifter) (Vaults:5)
  12 golden eyes
  7 basilisks
  A hog (shapeshifter) (Vaults:2)
  2 humans (shapeshifter)
  4 fire bats (Depths:4)
  10 vampire mosquitoes
  A chaos spawn (D:11)
  4 fire elementals
  11 wargs
  Eustachio (D:4)
  A yaktaur simulacrum (Vaults:1)
  48 nagas
  4 harpy simulacra (IceCv)
  A swamp worm (shapeshifter) (Vaults:4)
  An acid dragon (Vaults:2)
  An elf skeleton (Vaults:1)
  5 hell hounds (Depths:5)
  3 hydra simulacra (IceCv)
  9 water moccasins
  4 swamp drakes (Lair:6)
  2 black bears
  A black bear (shapeshifter) (Vaults:3)
  2 elf zombies
  An eye of draining (shapeshifter) (Elf:3)
  4 ice beasts
  2 sky beasts
  A hornet zombie (D:10)
  57 orc warriors
  2 necrophages
  13 wolves
  2 phantoms
  8 eyes of draining
  23 ogres
  33 centaurs
  11 boggarts
  4 lemures (D:3)
  13 big kobolds
  Blork the orc (D:4)
  23 bullfrogs
  2 earth elementals
  A gnoll sergeant (D:9)
  An ogre simulacrum (Vaults:1)
  7 scorpions
  16 killer bees
  14 wights
  7 electric eels
  A howler monkey (D:6)
  3 crimson imps (Depths:5)
  3 bullfrog zombies
  5 centaur zombies
  A quasit (D:11)
  9 hounds
  20 orc priests
  2 bullfrog skeletons
  2 jellies
  38 orc wizards
  Crazy Yiuf (D:2)
  3 centaur skeletons
  A gnoll shaman (D:8)
  7 iguanas
  Jessica (D:3)
  Terence (D:3)
  Natasha (thrice) (D:4)
  4 hell rats (Lair:4)
  8 worker ants
  A killer bee zombie (D:6)
  2 hound skeletons
  A howler monkey zombie (D:5)
  A worker ant zombie (D:6)
  Robin (D:2)
  6 gnolls
  18 adders
  A howler monkey skeleton (D:11)
  7 river rats (Sewer)
  A shadow imp (D:6)
  3 white imps
  2 ufetubi
  3 adder skeletons
  An adder zombie (D:5)
  6 worms
  2 dart slugs (D:3)
  5 leopard geckos
  117 orcs
  7 ball pythons
  5 giant cockroaches
  17 goblins
  9 hobgoblins
  A hobgoblin (shapeshifter) (Elf:3)
  14 jackals
  32 kobolds
  4 quokkas
  10 bats
  8 frilled lizards
  2 quokka skeletons
  A quokka zombie (D:5)
  22 rats
  5 bushes (Shoals:2)
  2 tentacles (Shoals:4)
2701 creatures vanquished.

Vanquished Creatures (others)
  A human (Snake:3)
  An orc (D:9)
  807 blocks of ice
  23 bushes (Lair:2)
  41 fungi
  326 plants
  2 tentacles (Shoals:4)
1201 creatures vanquished.

Grand Total: 3902 creatures vanquished

Notes
Turn   | Place    | Note
-------+----------+-------------------------------------------
     0 | D:1      | GordonOverkill the Kobold Transmuter began the quest for
                  | the Orb.
     0 | D:1      | Reached XP level 1. HP: 12/12 MP: 3/3
   379 | D:1      | Reached skill level 1 in Stealth
   491 | D:1      | Reached XP level 2. HP: 16/16 MP: 1/5
  1805 | D:2      | Reached XP level 3. HP: 20/20 MP: 4/6
  2358 | D:2      | Reached skill level 1 in Short Blades
  2596 | D:2      | Reached XP level 4. HP: 24/25 MP: 5/7
  2940 | D:2      | Found a runed translucent door.
  2943 | D:2      | Noticed Crazy Yiuf
  2967 | D:2      | Noticed Robin
  2999 | D:2      | Killed Robin
  3428 | D:2      | Found a sparkling altar of Nemelex Xobeh.
  3789 | D:3      | Noticed Jessica
  4006 | D:3      | Found a glowing golden altar of the Shining One.
  4081 | D:3      | Noticed Terence
  4470 | D:3      | Killed Jessica
  4471 | D:3      | Reached XP level 5. HP: 30/30 MP: 6/8
  5080 | D:3      | Killed Terence
  5081 | D:3      | Reached XP level 6. HP: 34/37 MP: 7/9
  5716 | D:3      | Reached skill level 1 in Evocations
  6263 | D:4      | Noticed Pikel
  6892 | D:3      | Found a glowing golden altar of the Shining One.
  7633 | D:4      | Noticed Blork the orc
  7682 | D:4      | Noticed Eustachio
  8015 | D:4      | Noticed Natasha
  8035 | D:5      | Entered Level 5 of the Dungeon
  8176 | D:5      | Found a glowing drain.
  8210 | D:5      | Reached XP level 7. HP: 40/42 MP: 11/11
  8224 | Sewer    | Entered a sewer
  9758 | D:5      | Found a staircase to the Ecumenical Temple.
  9764 | Temple   | Entered the Ecumenical Temple
  9879 | Temple   | Became a worshipper of Vehumet
 10207 | D:5      | Reached XP level 8. HP: 47/48 MP: 14/14
 10270 | D:5      | Reached skill level 5 in Fighting
 10953 | D:6      | Reached skill level 5 in Dodging
 11193 | D:6      | Reached skill level 5 in Spellcasting
 11638 | D:6      | Reached * piety under Vehumet
 11638 | D:6      | Offered knowledge of Shock by Vehumet.
 11639 | D:6      | Reached XP level 9. HP: 48/56 MP: 17/17
 12046 | D:7      | Noticed a hornet
 12602 | D:7      | Found a shimmering blue altar of Sif Muna.
 12649 | D:7      | Killed a hornet
 13876 | D:7      | Found an opulent altar of Gozag.
 13876 | D:7      | Found a hide-covered altar of Uskayaw.
 14011 | D:8      | Reached skill level 5 in Short Blades
 14170 | D:8      | Reached XP level 10. HP: 42/64 MP: 21/21
 14975 | D:8      | Reached ** piety under Vehumet
 14975 | D:8      | Offered knowledge of Freeze by Vehumet.
 14978 | D:8      | Learned a level 1 spell: Freeze
 15023 | D:8      | Reached skill level 1 in Ice Magic
 15251 | D:8      | Found Ocwua's Weapon Shoppe.
 16146 | D:8      | Found a staircase to the Lair.
 16290 | D:9      | Found a hazy altar of Hepliaklqana.
 16324 | D:9      | Paralysed by a hornet for 3 turns
 16333 | D:9      | Reached skill level 5 in Ice Magic
 16519 | D:9      | Noticed a gargoyle
 16886 | D:9      | Killed a gargoyle
 17295 | D:9      | Reached XP level 11. HP: 69/69 MP: 21/23
 17301 | D:9      | Offered knowledge of Conjure Flame by Vehumet.
 17636 | D:10     | Entered Level 10 of the Dungeon
 18236 | D:10     | Found Feycheenubb's Antique Armour Boutique.
 18248 | D:10     | Bought a faintly glowing robe for 136 gold pieces
 18248 | D:10     | Bought a spiked ring mail for 216 gold pieces
 18273 | D:10     | Identified the +2 robe of Vlad {Dex+2} (You bought it in a
                  | shop on level 10 of the Dungeon)
 18283 | D:10     | Identified the cursed +0 ring mail of Maudayfo {SInv} (You
                  | bought it in a shop on level 10 of the Dungeon)
 18342 | D:10     | Reached *** piety under Vehumet
 18343 | D:10     | Reached skill level 5 in Evocations
 18791 | D:10     | Found Yhuhoizo's Gadget Boutique.
 18845 | D:10     | Killed an unseen horror
 19267 | D:10     | Found Nimm's Assorted Antiques.
 19302 | D:10     | Found Sizemuw's Magic Scroll Boutique.
 19530 | D:10     | Found Biubam's Jewellery Shoppe.
 19993 | D:10     | Noticed a two-headed ogre
 20411 | D:10     | Killed a two-headed ogre
 20522 | D:10     | Found Sizemuw's Magic Scroll Boutique.
 20575 | D:10     | Found Yhuhoizo's Gadget Boutique.
 20635 | D:10     | Found Nimm's Assorted Antiques.
 20899 | D:10     | Found Biubam's Jewellery Shoppe.
 20958 | D:10     | Found Feycheenubb's Antique Armour Boutique.
 21568 | D:11     | Found a runed translucent gate.
 21568 | D:11     | Noticed mokwee's ghost (journeyman OpVM)
 21569 | D:11     | Found a runed translucent gate.
 21570 | D:11     | Found a runed translucent gate.
 21570 | D:11     | Identified the +11 dagger "Qilesch" {venom, Str+3}
 21583 | D:11     | Noticed a two-headed ogre
 21618 | D:11     | Killed a two-headed ogre
 22125 | D:11     | Noticed a cyan ugly thing
 22125 | D:11     | Noticed a cyan ugly thing
 22288 | Lair:1   | Entered Level 1 of the Lair of Beasts
 22378 | D:4      | Killed Natasha
 22525 | D:4      | Noticed Natasha
 22533 | D:4      | Killed Natasha
 22538 | D:4      | Offered knowledge of Fulminant Prism by Vehumet.
 22570 | D:4      | Found a glowing silver altar of Zin.
 22588 | D:4      | You fall into a shaft and drop 2 floors!
 22674 | D:4      | Killed Eustachio
 23081 | D:4      | Killed Blork the orc
 23157 | D:4      | Noticed Natasha
 23164 | D:4      | Killed Natasha
 23271 | D:4      | Killed Pikel
 23272 | D:4      | Reached skill level 1 in Hexes
 23495 | D:4      | Found a glowing silver altar of Zin.
 23838 | Lair:1   | Noticed a six-headed hydra
 23984 | D:8      | Reached XP level 12. HP: 53/77 MP: 24/24
 24046 | D:8      | Killed a six-headed hydra
 24047 | D:8      | Reached skill level 1 in Shields
 24129 | Lair:1   | Reached skill level 10 in Fighting
 24320 | Lair:1   | Noticed Fannar
 24336 | Lair:1   | Reached **** piety under Vehumet
 24337 | Lair:1   | Reached skill level 10 in Ice Magic
 24380 | Lair:1   | Killed Fannar
 25145 | Lair:1   | Noticed a five-headed hydra
 25980 | Lair:1   | Killed a five-headed hydra
 26435 | Lair:2   | Found a staircase to the Shoals.
 26999 | Lair:2   | Offered knowledge of Airstrike by Vehumet.
 27237 | Lair:2   | Learned a level 4 spell: Airstrike
 27542 | Lair:2   | Reached skill level 5 in Hexes
 27643 | Lair:2   | Learned a level 2 spell: Slow
 27724 | Lair:2   | Noticed a death yak
 27756 | Lair:2   | Noticed an eight-headed hydra
 28475 | Lair:2   | Noticed a death yak
 28505 | Lair:2   | Killed a death yak
 28506 | Lair:2   | Reached skill level 10 in Spellcasting
 28506 | Lair:2   | Reached XP level 13. HP: 50/82 MP: 27/27
 28849 | Lair:2   | Reached skill level 5 in Shields
 29120 | Lair:2   | Killed an eight-headed hydra
 30067 | Lair:2   | Found a staircase to the Shoals.
 30443 | Lair:3   | Noticed Sonja
 30448 | Lair:3   | Killed Sonja
 31075 | Lair:3   | Noticed a four-headed hydra
 31084 | Lair:3   | Killed a four-headed hydra
 31224 | Lair:3   | Reached skill level 5 in Stealth
 31435 | Lair:3   | Noticed Nergalle
 31443 | Lair:3   | Killed Nergalle
 31968 | Lair:3   | Found a staircase to the Snake Pit.
 34002 | Lair:5   | Noticed Nessos
 34189 | Lair:4   | Reached skill level 1 in Air Magic
 35519 | D:10     | Bought a condenser vane for 560 gold pieces
 37168 | Lair:5   | Reached XP level 14. HP: 63/88 MP: 28/28
 37173 | Lair:5   | Killed Nessos
 37306 | Lair:5   | Found a staircase to the Slime Pits.
 37307 | Lair:5   | Found a viscous altar of Jiyva.
 37409 | Lair:5   | Got a heavily runed leather armour
 37420 | Lair:5   | Identified the +0 leather armour of Ydogeckes {*Drain rCorr
                  | Str+8 Dex-4} (You found it on level 5 of the Lair of
                  | Beasts)
 39039 | Lair:5   | Found a viscous altar of Jiyva.
 39039 | Lair:5   | Found a staircase to the Slime Pits.
 39722 | Lair:6   | Entered Level 6 of the Lair of Beasts
 40543 | Lair:5   | Found a viscous altar of Jiyva.
 40543 | Lair:5   | Found a staircase to the Slime Pits.
 41309 | Lair:5   | Found a viscous altar of Jiyva.
 41310 | Lair:5   | Found a staircase to the Slime Pits.
 44221 | Lair:6   | Learned a level 4 spell: Cause Fear
 47854 | Lair:6   | Reached skill level 10 in Hexes
 48981 | Lair:6   | Reached XP level 15. HP: 89/95 MP: 30/30
 49200 | Lair:6   | Got a jewelled spear
 49202 | Lair:6   | Identified the +4 spear of the Hall of Blades {freeze,
                  | rElec MP+9 SInv} (You found it on level 6 of the Lair of
                  | Beasts)
 50023 | D:11     | Reached skill level 5 in Air Magic
 50035 | D:11     | Reached skill level 10 in Evocations
 50498 | D:11     | You fall into a shaft and drop 2 floors!
 50883 | D:12     | Found a staircase to the Orcish Mines.
 50908 | D:12     | Reached ***** piety under Vehumet
 50926 | D:12     | Found a flagged portal.
 50946 | Bailey   | Entered a bailey
 51154 | Bailey   | Offered knowledge of Conjure Ball Lightning by Vehumet.
 51302 | D:12     | Learned a level 5 spell: Metabolic Englaciation
 51307 | D:12     | Learned a level 4 spell: Leda's Liquefaction
 53104 | D:11     | You fall into a shaft and drop 2 floors!
 53720 | D:11     | Found Yseotexe's Magic Scroll Boutique.
 53937 | D:13     | Found a huge runed gate.
 53937 | D:13     | Found a huge runed gate.
 53938 | D:13     | Found a huge runed gate.
 53939 | D:13     | Found a huge runed gate.
 53939 | D:13     | Found a huge runed gate.
 53940 | D:13     | Found a huge runed gate.
 53948 | D:13     | Found a huge runed gate.
 53948 | D:13     | Found a huge runed gate.
 53953 | D:13     | Found a huge runed gate.
 56746 | D:13     | Found a huge runed gate.
 56746 | D:13     | Found a huge runed gate.
 56749 | D:13     | Found a huge runed gate.
 56749 | D:13     | Found a huge runed gate.
 56820 | D:13     | Found a huge runed gate.
 56820 | D:13     | Found a huge runed gate.
 56820 | D:13     | Found a huge runed gate.
 56820 | D:13     | Found a huge runed gate.
 56824 | D:13     | Found a huge runed gate.
 56824 | D:13     | Found a huge runed gate.
 56824 | D:13     | Found a huge runed gate.
 56824 | D:13     | Found a huge runed gate.
 56971 | D:13     | Noticed Maurice
 56984 | D:13     | Killed Maurice
 57164 | D:13     | Noticed a tengu reaver
 57299 | D:13     | Noticed a storm dragon
 57576 | D:13     | Noticed a storm dragon
 57605 | D:12     | Killed a storm dragon
 57858 | D:12     | Learned a level 6 spell: Freezing Cloud
 57865 | D:13     | Noticed a war gargoyle
 57865 | D:13     | Noticed a fire giant
 58319 | D:12     | Found a staircase to the Orcish Mines.
 58325 | Orc:1    | Entered Level 1 of the Orcish Mines
 58631 | Orc:1    | Reached skill level 1 in Conjurations
 58668 | Orc:1    | Found Rakk's Armour Shoppe.
 58947 | Orc:1    | Noticed Teryn's ghost (journeyman DsAK)
 59470 | Orc:1    | Noticed Harold
 59477 | Orc:1    | Noticed a stone giant
 59610 | Orc:1    | Found a transporter.
 59614 | Orc:1    | Found a transporter.
 59655 | Orc:1    | Killed Harold
 59656 | Orc:1    | Reached XP level 16. HP: 93/104 MP: 31/33
 60194 | Orc:1    | Found Fesymm's Antique Armour Boutique.
 60646 | Orc:2    | Entered Level 2 of the Orcish Mines
 60669 | Orc:2    | Found a roughly hewn altar of Beogh.
 60783 | Orc:2    | Found a staircase to the Elven Halls.
 60991 | Orc:2    | Reached skill level 5 in Conjurations
 61934 | Orc:2    | Found Heasax's Weapon Boutique.
 61934 | Orc:2    | Found Dineis's Antique Weapon Emporium.
 61934 | Orc:2    | Found Tecal's Weapon Shoppe.
 61935 | Orc:2    | Found Neleh's Distillery.
 62160 | Orc:1    | Bought a pair of embroidered boots for 217 gold pieces
 62266 | D:10     | Bought a scroll of enchant weapon for 105 gold pieces
 62266 | D:10     | Bought a scroll of teleportation for 42 gold pieces
 62266 | D:10     | Bought 3 scrolls of fog for 84 gold pieces
 62266 | D:10     | Bought a scroll of amnesia for 49 gold pieces
 62354 | D:11     | Bought a scroll of enchant weapon for 127 gold pieces
 62354 | D:11     | Bought a scroll of enchant weapon for 127 gold pieces
 62354 | D:11     | Bought a scroll of teleportation for 51 gold pieces
 62354 | D:11     | Bought a scroll of silence for 127 gold pieces
 62388 | D:10     | Bought a scroll of enchant armour for 225 gold pieces
 62388 | D:10     | Bought a scroll of teleportation for 90 gold pieces
 62388 | D:10     | Bought a scroll of amnesia for 105 gold pieces
 62388 | D:10     | Bought a scroll of enchant weapon for 225 gold pieces
 62495 | Orc:2    | Bought a potion of magic for 88 gold pieces
 62495 | Orc:2    | Bought a potion of magic for 88 gold pieces
 62495 | Orc:2    | Bought a potion of invisibility for 88 gold pieces
 64183 | D:14     | Found a gate to the Vaults.
 64733 | D:13     | Learned a level 6 spell: Conjure Ball Lightning
 64908 | D:13     | Killed a tengu reaver
 65245 | D:13     | Killed a fire giant
 67265 | D:15     | Entered Level 15 of the Dungeon
 67834 | D:15     | Offered knowledge of Ozocubu's Refrigeration by Vehumet.
 67857 | D:15     | Learned a level 6 spell: Ozocubu's Refrigeration
 68540 | D:15     | Reached XP level 17. HP: 112/112 MP: 22/34
 69004 | D:15     | Reached skill level 15 in Fighting
 69371 | D:15     | Identified a scroll of acquirement
 69372 | D:15     | Acquired the ring "Zyj Xoza" {rF+ Will+ MP+9 Dex-4}
 69797 | D:15     | Found a staircase to the Depths.
 70181 | D:14     | Noticed Josephine
 70185 | D:14     | Killed Josephine
 70469 | Snake:1  | Entered Level 1 of the Snake Pit
 70535 | Snake:1  | Found Muje Fau's Magic Scroll Boutique.
 70763 | Snake:1  | Found a runed translucent gate.
 70763 | Snake:1  | Found a runed translucent gate.
 70764 | Snake:1  | Found a runed translucent gate.
 71057 | Snake:1  | Found a sparkling altar of Nemelex Xobeh.
 72451 | Snake:2  | Offered knowledge of Iron Shot by Vehumet.
 72474 | Snake:2  | Learned a level 6 spell: Iron Shot
 72493 | Snake:2  | Noticed Frances
 72923 | Snake:2  | Reached XP level 18. HP: 113/119 MP: 30/35
 73093 | Snake:2  | Noticed Aizul
 73099 | Snake:2  | Killed Aizul
 73134 | Snake:2  | Noticed Vashnia
 73661 | Snake:2  | Noticed Donald
 73668 | Snake:2  | Killed Donald
 73678 | Snake:2  | Reached skill level 15 in Ice Magic
 75087 | Snake:3  | Noticed Kirke
 75253 | Snake:3  | Killed Kirke
 75294 | Snake:3  | Noticed Mara
 75326 | Snake:3  | Noticed GordonOverkill's illusion
 76066 | D:15     | Found a staircase to the Depths.
 76482 | Elf:1    | Entered Level 1 of the Elven Halls
 78245 | Elf:2    | Found Fenayfuola's Antique Armour Shoppe.
 78303 | Elf:2    | Got a crude lead ring
 78305 | Elf:2    | Identified the ring "Fily Gin" {rElec Str+6 Int+6} (You
                  | found it on level 2 of the Elven Halls)
 78332 | Elf:2    | Reached skill level 10 in Dodging
 78332 | Elf:2    | Reached XP level 19. HP: 79/124 MP: 37/37
 78527 | Elf:2    | Found Joucot's Antique Armour Emporium.
 78743 | Elf:2    | Found Wonunt's Jewellery Shop.
 78746 | Elf:2    | Noticed Agnes
 78752 | Elf:2    | Killed Agnes
 78808 | Elf:2    | Found a flickering gateway to a bazaar.
 78817 | Bazaar   | Entered a bazaar
 78854 | Bazaar   | Found Lumac's Antique Armour Boutique.
 78854 | Bazaar   | Found Venaz's Book Shop.
 78888 | Bazaar   | Found Deicw's Assorted Antiques.
 78907 | Bazaar   | Found Milu's Weapon Shop.
 78949 | Bazaar   | Bought a runed buckler for 142 gold pieces
 78979 | Bazaar   | Bought a potion of curing for 87 gold pieces
 78979 | Bazaar   | Bought a scroll of blinking for 217 gold pieces
 78979 | Bazaar   | Bought a potion of curing for 87 gold pieces
 78979 | Bazaar   | Bought a potion of heal wounds for 145 gold pieces
 79240 | Elf:2    | Found a runed translucent gate.
 79240 | Elf:2    | Found a runed translucent gate.
 79240 | Elf:2    | Found a runed translucent gate.
 79678 | Elf:2    | Offered knowledge of Orb of Destruction by Vehumet.
 79687 | Elf:2    | Learned a level 7 spell: Orb of Destruction
 80320 | Elf:3    | Entered Level 3 of the Elven Halls
 80576 | Elf:3    | Reached skill level 15 in Spellcasting
 80683 | Elf:3    | Found a transporter.
 80685 | Elf:3    | Noticed Timpihef's ghost (adept OpAK)
 80829 | Elf:3    | Found Gunkyrgh's Assorted Antiques.
 80854 | Elf:3    | Reached ****** piety under Vehumet
 81185 | Elf:3    | Found a transporter.
 81746 | Elf:3    | Identified the cursed +0 quarterstaff of the Boiling Point
                  | {speed, Str+3}
 81844 | Elf:3    | Noticed a deep elf blademaster
 81844 | Elf:3    | Identified the ring "Puanifai" {+Fly rElec rPois rN+ Dex+3}
 81850 | Elf:3    | Reached XP level 20. HP: 131/131 MP: 39/39
 82009 | Elf:3    | Noticed an Ice Fiend
 82090 | Elf:3    | Identified the ring "Vacrobb" {rElec rN+ Str+4}
 82372 | Elf:3    | Identified the +6 short sword of Xuowo Zizuju {vorpal,
                  | rElec}
 82799 | Elf:3    | Got an encrusted scale mail
 82810 | Elf:3    | Identified the +1 scale mail "Sefuafit" {rF- Will- Str+8
                  | SInv} (You found it on level 3 of the Elven Halls)
 83121 | Shoals:1 | Entered Level 1 of the Shoals
 83143 | Shoals:1 | Noticed Nikola
 83155 | Shoals:1 | Killed Nikola
 84697 | Snake:1  | Bought a scroll of acquirement for 832 gold pieces
 84701 | Snake:1  | Acquired a book of Transfigurations
 84720 | Snake:1  | Learned a level 6 spell: Statue Form
 85086 | Shoals:2 | Offered knowledge of Iskenderun's Battlesphere by Vehumet.
 85100 | Shoals:2 | Reached skill level 1 in Earth Magic
 85249 | Shoals:2 | Learned a level 5 spell: Iskenderun's Battlesphere
 86398 | Shoals:3 | Reached XP level 21. HP: 130/140 MP: 40/40
 86589 | Shoals:3 | Found a frozen archway.
 86595 | IceCv    | Entered an ice cave
 87973 | Shoals:3 | Noticed Polyphemus
 89708 | Shoals:3 | Killed Polyphemus
 89708 | Shoals:3 | Offered knowledge of Lightning Bolt by Vehumet.
 89771 | Shoals:3 | Learned a level 5 spell: Lightning Bolt
 89791 | Shoals:4 | Entered Level 4 of the Shoals
 90191 | Shoals:4 | Got a transparent spear
 90192 | Shoals:4 | Identified the +7 spear "Pulekiot" {elec, +Blink} (You
                  | found it on level 4 of the Shoals)
 90464 | Shoals:4 | Reached skill level 5 in Transmutations
 90869 | Shoals:4 | Reached skill level 5 in Earth Magic
 91064 | Shoals:4 | Got a barnacled rune of Zot
 91122 | Shoals:4 | Identified the +5 battleaxe of Wu Jian's Vengeance {speed,
                  | rF+}
 91731 | Shoals:4 | Reached skill level 10 in Conjurations
 92067 | Vaults:1 | Entered Level 1 of the Vaults
 92766 | Vaults:1 | Offered knowledge of Lehudib's Crystal Spear by Vehumet.
 92820 | Vaults:1 | Learned a level 8 spell: Lehudib's Crystal Spear
 92970 | Vaults:1 | Reached XP level 22. HP: 141/147 MP: 9/41
 93170 | Vaults:1 | Found Bynweaci's Distillery.
 93175 | Vaults:1 | Bought a potion of curing for 60 gold pieces
 93175 | Vaults:1 | Bought a potion of heal wounds for 100 gold pieces
 93175 | Vaults:1 | Bought a potion of magic for 160 gold pieces
 93175 | Vaults:1 | Bought a potion of brilliance for 80 gold pieces
 93175 | Vaults:1 | Bought a potion of resistance for 200 gold pieces
 93175 | Vaults:1 | Bought a potion of brilliance for 80 gold pieces
 93552 | Vaults:1 | Reached skill level 10 in Shields
 94786 | Vaults:2 | You are sucked into a shaft and drop 2 floors!
 94809 | Vaults:4 | Found a ruined gateway.
 94813 | Desolati | Entered the Desolation of Salt
 95668 | Desolati | Offered knowledge of Fire Storm by Vehumet.
 95668 | Desolati | Offered knowledge of Shatter by Vehumet.
 95668 | Desolati | Offered knowledge of Absolute Zero by Vehumet.
 95817 | Desolati | Learned a level 9 spell: Absolute Zero
 95831 | Desolati | Got a crude platinum ring
 95832 | Desolati | Identified the ring of the Lonely Realms {Ice Str+4} (You
                  | found it in the Desolation of Salt)
 95839 | Desolati | Identified the Catalogue of Blistering Shape Shifting
 95842 | Desolati | Got a warped granite ring
 95843 | Desolati | Identified the ring "Pobeadyg" {Ice Dex+2} (You found it in
                  | the Desolation of Salt)
 95852 | Desolati | Found the +7 Kryia's mail coat {PotionHeal*2 rC+}
 96363 | Desolati | Identified the ring "Alunt" {rN+ Int+6 Dex-4 Slay+4}
 96443 | Desolati | Found the +2 cloak of the Thief {*Fog Slay-2 SInv Stlth+}
 96847 | Desolati | Identified the +7 trident of Dipsewiy {venom, Str+3} (You
                  | found it in the Desolation of Salt)
 96849 | Desolati | Identified the +4 fustibalus "Qiezuan" {freeze, rPois} (You
                  | found it in the Desolation of Salt)
 96858 | Desolati | Got a shimmering scale mail
 96859 | Desolati | Identified the +3 scale mail "Emedeus" {rF+} (You found it
                  | in the Desolation of Salt)
 97153 | Vaults:4 | Reached XP level 23. HP: 152/152 MP: 42/42
 97739 | Vaults:4 | Found a runed translucent gate.
 97739 | Vaults:4 | Found a runed translucent gate.
 97740 | Vaults:4 | Found a runed translucent gate.
 98458 | Vaults:4 | Noticed Xafer's ghost (adept DsGl)
102229 | Vaults:2 | Reached XP level 24. HP: 126/157 MP: 1/42
102395 | Vaults:2 | Found a staircase to the Crypt.
102474 | Vaults:2 | You are sucked into a shaft and drop 1 floor!
103477 | D:2      | Killed Crazy Yiuf
103886 | D:11     | Killed mokwee's ghost
104325 | Orc:1    | Killed Teryn's ghost
104565 | Elf:3    | Killed Timpihef's ghost
104932 | Elf:3    | Identified the Compendium of the Unstable Blaze
104940 | Elf:3    | Got a flickering platinum ring
104941 | Elf:3    | Identified the ring "Ybbifap" {Wiz +Blink Will- Int+2
                  | Dex+6} (You found it on level 3 of the Elven Halls)
105336 | Vaults:4 | Killed Xafer's ghost
105470 | Vaults:4 | Identified the Almanac of the Unstable Rocks
105796 | Snake:1  | Noticed littlecub's ghost (journeyman DsGl)
105797 | Snake:1  | Killed littlecub's ghost
105800 | Snake:1  | Got a tattered robe
105801 | Snake:1  | Identified the +1 robe of the Minstrel {rC+ rCorr Slay+2}
                  | (You found it on level 1 of the Snake Pit)
105937 | Snake:2  | Killed Frances
106013 | Snake:2  | Killed Vashnia
106609 | Snake:3  | Killed Mara
107364 | Snake:3  | Identified the cursed +1 morningstar "Xuhathur" {vorpal,
                  | rF++ Str+2} (You found it on level 3 of the Snake Pit)
107390 | Snake:4  | Entered Level 4 of the Snake Pit
107672 | Snake:4  | Found a sacrificial altar of Ru.
108346 | Snake:4  | Found a sparkling altar of Nemelex Xobeh.
108591 | Snake:4  | Reached XP level 25. HP: 163/163 MP: 42/42
108731 | Snake:4  | Identified the cursed +3 dagger of Hoihit {antimagic, +Fly
                  | rF+ Int+6 Stlth+}
109048 | Snake:4  | Got a serpentine rune of Zot
109293 | Slime:1  | Entered Level 1 of the Pits of Slime
111323 | Slime:5  | Entered Level 5 of the Pits of Slime
111353 | Slime:5  | Noticed the Royal Jelly
111354 | Slime:5  | Killed the Royal Jelly
111355 | Slime:5  | Reached XP level 26. HP: 168/168 MP: 23/42
112468 | Slime:5  | Found the amulet of the Four Winds {rN+ Will+++ Clar}
112560 | Slime:5  | Identified the +3 whip of the Beast {drain, rPois rC+ Will+
                  | Str+2} (You found it on level 5 of the Pits of Slime)
112569 | Slime:5  | Got a slimy rune of Zot
112577 | Slime:5  | Identified the cursed +1 scale mail of Pathos {Str+3} (You
                  | found it on level 5 of the Pits of Slime)
112582 | Slime:5  | Found the +3 salamander hide armour {Flames rF++ rC--}
113596 | Vaults:5 | Entered Level 5 of the Vaults
113600 | Vaults:5 | Reached skill level 15 in Shields
114059 | Depths:1 | Entered Level 1 of the Depths
114562 | Depths:1 | Found a gateway to Hell.
114929 | Depths:1 | Identified the ring "Ystreeqa" {*Tele +Blink +Fly rC+
                  | Stlth-}
115367 | Depths:1 | Found a runed translucent gate.
115367 | Depths:1 | Found a runed translucent gate.
115367 | Depths:1 | Found a runed translucent gate.
115535 | Depths:1 | Found a runed translucent gate.
115535 | Depths:1 | Found a runed translucent gate.
115535 | Depths:1 | Found a runed translucent gate.
115605 | Depths:1 | Found a one-way gate to the infinite horrors of the Abyss.
115822 | Depths:1 | Identified the +5 long sword of Xom's Benevolence
                  | {antimagic, rN+ Dex+2 SInv}
115824 | Depths:1 | Reached XP level 27. HP: 173/173 MP: 35/42
115949 | Depths:1 | Got a glittering crystal amulet
115950 | Depths:1 | Identified the amulet "Zynig" {Inacc Stlth+} (You found it
                  | on level 1 of the Depths)
116804 | Depths:2 | Got a pitted hat
116805 | Depths:2 | Identified the +0 hat of Cheibriados's Envy {Int+4} (You
                  | found it on level 2 of the Depths)
117432 | Depths:2 | Identified the +6 morningstar "Serer" {vorpal, rC+ Str+4}
117763 | Depths:3 | Identified the +3 leather armour of Depression {+Inv rPois
                  | Stlth+} (You found it on level 3 of the Depths)
118111 | Depths:3 | Reached skill level 27 in Ice Magic
118688 | Depths:3 | Found a one-way gate leading to the halls of Pandemonium.
119503 | Depths:4 | Identified the +8 flail "Giaroth" {speed, Will+ Str+4
                  | Dex+4}
120296 | Depths:4 | You are sucked into a shaft and drop 1 floor!
120296 | Depths:5 | Entered Level 5 of the Depths
120296 | Depths:5 | Found a gateway to a ziggurat.
120861 | Depths:4 | Reached skill level 10 in Earth Magic
120968 | Depths:4 | Reached skill level 10 in Transmutations
121256 | Depths:4 | Found a portal to a secret trove of treasure.
121457 | Depths:4 | You paid a toll of 8 scrolls of fog to enter a treasure
                  | trove
121458 | Trove    | Entered a treasure trove
121494 | Trove    | Identified the cursed +0 ring mail of Lethargy {rElec Will+
                  | Dex-5} (You found it in a treasure trove)
121515 | Trove    | Identified the amulet "Tyseifas" {rF+ Regen+ Stlth+} (You
                  | found it in a treasure trove)
121517 | Trove    | Identified the amulet of the Death Scarab {Spirit rN+ Dex+3
                  | Slay+2 Stlth-} (You found it in a treasure trove)
121942 | Depths:5 | Found a runed translucent gate.
121942 | Depths:5 | Noticed Gemnonof's ghost (adept DgCj)
121943 | Depths:5 | Found a runed translucent gate.
121944 | Depths:5 | Found a runed translucent gate.
121947 | Depths:5 | Killed Gemnonof's ghost
121989 | Depths:5 | Noticed Sojobo
121990 | Depths:5 | Killed Sojobo
122251 | Depths:5 | Found a gate to the Realm of Zot.
123618 | Depths:5 | Found Neracad's Antique Weapon Shoppe.
124192 | Zot:1    | Entered Level 1 of the Realm of Zot
124448 | Zot:1    | Identified a +0 pair of boots of running (You found it on
                  | level 1 of the Realm of Zot)
125365 | Zot:1    | Learned a level 2 spell: Passwall
125370 | Zot:1    | Learned a level 4 spell: Passage of Golubria
127011 | Zot:3    | Noticed an orb of fire
127012 | Zot:3    | Killed an orb of fire
127171 | Zot:3    | Noticed a Killer Klown
127172 | Zot:3    | Killed a Killer Klown
128022 | Zot:4    | Noticed a Killer Klown
128049 | Zot:4    | Noticed a Killer Klown
128053 | Zot:4    | Killed a Killer Klown
128096 | Zot:4    | Killed a Killer Klown
129202 | Zot:4    | Noticed an orb of fire
129204 | Zot:4    | Gained mutation: Your skin changes colour to match your
                  | surroundings (Stealth+). [an orb of fire]
129205 | Zot:4    | Killed an orb of fire
129456 | Zot:5    | Entered Level 5 of the Realm of Zot
129772 | Zot:5    | Found a runed translucent door.
129772 | Zot:5    | Noticed Kejsarherre's ghost (legendary MiMo)
129775 | Zot:5    | Killed Kejsarherre's ghost
130204 | Zot:5    | Noticed a Killer Klown
130205 | Zot:5    | Killed a Killer Klown
130236 | Zot:5    | Noticed an orb of fire
130237 | Zot:5    | Killed an orb of fire
130270 | Zot:5    | Noticed an ancient lich
130279 | Zot:5    | Killed an ancient lich
130341 | Zot:5    | Noticed a Killer Klown
130342 | Zot:5    | Killed a Killer Klown
130393 | Zot:5    | Noticed a Killer Klown
130394 | Zot:5    | Killed a Killer Klown
130395 | Zot:5    | Reached skill level 27 in Fighting
130476 | Zot:5    | Noticed a Killer Klown
130476 | Zot:5    | Noticed an ancient lich
130477 | Zot:5    | Killed a Killer Klown
130478 | Zot:5    | Killed an ancient lich
130568 | Zot:5    | Noticed a Killer Klown
130569 | Zot:5    | Killed a Killer Klown
130642 | Zot:5    | Noticed a Killer Klown
130643 | Zot:5    | Killed a Killer Klown
130844 | Zot:5    | Noticed an orb of fire
130845 | Zot:5    | Killed an orb of fire
130850 | Zot:5    | Noticed an ancient lich
130858 | Zot:5    | Noticed a Killer Klown
130863 | Zot:5    | Killed a Killer Klown
130864 | Zot:5    | Killed an ancient lich
130864 | Zot:5    | Noticed an orb of fire
130865 | Zot:5    | Killed an orb of fire
130980 | Zot:5    | Noticed an orb of fire
130981 | Zot:5    | Killed an orb of fire
131105 | Zot:5    | Noticed a Killer Klown
131106 | Zot:5    | Killed a Killer Klown
132007 | Zot:5    | Got the Orb of Zot
132241 | Depths:4 | Noticed Odepegg the pandemonium lord
132242 | Depths:4 | Killed Odepegg the pandemonium lord
132486 | D:11     | Noticed Huufol the pandemonium lord
132488 | D:11     | Killed Huufol the pandemonium lord
132729 | D:$      | Escaped with the Orb!

Illustrated notes

Levels and vault maps discovered:
D:1:      wander_arrival_desolate, layout_rooms
D:2:      layout_loops_ring, nemelex_xobeh_ov_fountains_minmay,
          grunt_decor_resistance, amcnicky_mini_pool_small,
          corexii_leaking_fountain, uniq_robin, uniq_crazy_yiuf_cottage
D:3:      minmay_inner_zag, layout_loops_corners, nicolae_tso_carved_into_rock,
          uniq_terence, uniq_jessica
D:4:      layout_gridville, zin_statuary, uniq_natasha, uniq_blork_the_orc,
          uniq_pikel, uniq_eustachio
D:5:      layout_loops_ring, minmay_temple_entry_mist, gup_sewer_entry_glass
D:6:      layout_basic
D:7:      layout_cave_pools, gammafunk_temple_overflow_wave,
          lemuel_blue_sif_altar
D:8:      layout_loops_ring, erik_lair_orcish_takeover, serial_shops, shop,
          nicolae_wwwww
D:9:      layout_rooms, nicolae_overflow_hidden_temple
D:10:     layout_long_grid, serial_shops, shop_fountains, shop, shop,
          shop_fountains, shop_statue
D:11:     layout_rooms, serial_shops, shop_statue,
          gammafunk_ghost_nasty_kobolds, hangedman_abyss_or_decor_stabs,
          hex_tiny
D:12:     layout_basic, enter_bailey_5
D:13:     layout_basic, door_vault, uniq_maurice
D:14:     layout_rooms, erik_vaults_1, uniq_josephine
D:15:     grunt_enter_depths_hoard, layout_small_grid, serial_bayou_crossing
Temple:   regret_index_temple_waves
Lair:1:   layout_regular_city, small_statue_intersection, serial_bayou_lake_a,
          uniq_fannar
Lair:2:   nzn_winding_woodlands_large [nzn_winding_woodlands_5x5_cross,
          nzn_winding_woodlands_5x15_lazy_stream,
          nzn_winding_woodlands_hourglass, nzn_winding_woodlands_center_garden,
          nzn_winding_woodlands_15x15_boxy_spiral,
          nzn_winding_woodlands_center_diamonds,
          nzn_winding_woodlands_5x5_three,
          nzn_winding_woodlands_5x15_split_checker,
          nzn_winding_woodlands_5x5_default], layout_regular_city,
          minmay_shoals_entry_beasts, minmay_hedge_maze,
          infiniplex_staircase_pool
Lair:3:   layout_cave_pods, guppyfry_snake_entry_island, serial_bayou_pond_a,
          grunt_megastairs_1, uniq_sonja, uniq_nergalle
Lair:4:   wander_river, layout_gridlike, fungi_pond_lemuel,
          serial_bayou_shore_a, infiniplex_staircase_pool_2
Lair:5:   layout_regular_city, slime_altar_1, st_stairs_4, grunt_megastairs_3,
          uniq_nessos
Lair:6:   hangedman_lair_in_review, layout_cave_shapes,
          guppyfry_lair_end_dragon, gauntlet_entry_generic
Shoals:1: layout_shoals, uniq_nikola
Shoals:2: layout_shoals, yaktaur_hedge
Shoals:3: cheibrodos_shoals_oceanic_diplomacy, layout_shoals,
          portal_ice_cave_entry_pillars_three, uniq_polyphemus, uniq_aizul
Shoals:4: shoals_end_grunt_ice, layout_shoals,
          nicolae_shoals_kraken_intersection
Snake:1:  layout_basic, basic_altar, serial_shops, nicolae_shop_stone,
          serial_curves, eino_curves_02, eino_curves_04,
          ebering_ghost_rock_garden
Snake:2:  nicolae_aizul_guard, layout_cave_town, lemuel_fruit_tree, uniq_donald,
          uniq_vashnia, uniq_frances
Snake:3:  layout_onion_interference, grunt_ministairs_11, st_stairs_3,
          serial_bayou_pond_e, serial_bayou_shore_b, uniq_kirke, uniq_mara
Snake:4:  snake_pit, layout_cave_town, hangedman_feature_mirror, abandoned_shop,
          drop_trap
Slime:1:  layout_caves, cheibrodos_slime_lost_civilization_4
Slime:2:  layout_caves, nicolae_slime_round_cave
Slime:3:  layout_caves
Slime:4:  layout_caves
Slime:5
Orc:1:    minmay_goldmine, layout_caves, serial_shops, nicolae_shop_statue_plus,
          nicolae_shop_stone, gammafunk_ghost_arena, mines_bat_river,
          uniq_harold
Orc:2:    st_orc_rangers, layout_caves, basic_altar
Elf:1:    layout_onion_city, hangedman_elven_crosses_minicolossus
Elf:2:    layout_geoelf_grid, serial_shops, bzr_entry_safe,
          nicolae_shop_behind_doors, shop, shop, uniq_agnes
Elf:3:    elf_hall, layout_geoelf_grid, gammafunk_ghost_berserking_beasts,
          serial_shops, shop
Vaults:1: nicolae_vaults_little_squares_1, nicolae_vaults_quadrants,
          nicolae_vaults_circle_grid_b, v_misc_19, v_misc_2, v_misc_10,
          vaults_room_mumra_shop_pool, vaults_dpeg_doors, v_misc_4,
          vaults_room_grid, ontoclasm_vaults_ligature, ontoclasm_vaults_chip,
          nicolae_vaults_diagonal_hallway_6, vaults_dpeg_cross, v_misc_13,
          v_misc_30, layout_vaults_omnibox
Vaults:2: hangedman_vaults_snaps, v_pattern_1, hangedman_vaults_stream,
          hangedman_vaults_slice, nicolae_vaults_fighting_squares, v_rooms_3,
          minmay_crypt_entry_simple_plaza, v_misc_16, hangedman_vaults_trim,
          nicolae_vaults_hallways_thing, nicolae_vaults_little_squares_6,
          nicolae_vaults_angled_halls, layout_vaults_ring
Vaults:3: vaults_standard_mumra_x, nicolae_vaults_shelves_hall,
          nicolae_vaults_sealed_display, nicolae_vaults_border_crossing,
          v_misc_3, vaults_room_door_hall, vaults_dpeg_hooks, vaults_dpeg_ring,
          grunt_vaults_hallway_short, nicolae_vaults_little_squares_5,
          layout_vaults_omnigrid
Vaults:4: gammafunk_vaults_ghost_spectres, nicolae_vaults_asterisk,
          hangedman_vaults_impose, grunt_vaults_focal, vaults_room_fours,
          layout_vaults_big_room, portal_desolation_entry_salt
Vaults:5: serial_shops
Depths:1: kennysheep_treasure_stockpile, layout_cave_pools,
          serial_sigils_hangedman_writhe, grunt_mini_vestibule,
          abyss_entry_small_statue_room, kennysheep_two_boxes
Depths:2: minmay_glassy_protrusions, layout_cave_pools, hell_entry
Depths:3: minmay_four_inscribed_fans, layout_gridlike, fountainhead,
          pf_hell_entry_great_geh, rand_demon_pan_entry_3,
          chequers_serial_rivers_micro_d
Depths:4: minmay_the_grid_triangle_9x9_recursive_2
          [minmay_the_grid_triangle_9x9_prize_schism,
          minmay_the_grid_triangle_9x9_wacky_v,
          minmay_the_grid_triangle_9x9_sparse_checkered,
          minmay_the_grid_triangle_9x9_warning], layout_gridlike, hell_entry,
          enter_trove_6, abyss_entry
Depths:5: grunt_zot_entry_hairpin, layout_basic, enter_ziggurat_e, hellmouth_3,
          serial_shops, shop, pan_entry, minmay_strange_pillars,
          ebering_ghost_rock_garden, uniq_sojobo
Zot:1:    kennysheep_six_static_rooms, layout_basic
Zot:2:    layout_cellular_growth
Zot:3:    kennysheep_ambush_hall, layout_basic
Zot:4:    grunt_zot_stairs_faceoff, layout_misc_corridors, grunt_ministairs_7
Zot:5:    layout_twisted_circle, ebering_ghost_inner_flame

Skill      XL: |  1  2  3  4  5  6  7  8  9 10 11 12 13 14 15 16 17 18 19 20 21 22 23 24 25 26 27 |
---------------+----------------------------------------------------------------------------------+-----
Stealth        | 2 3 4 6 |  6.0
Short Blades   | 1 2 3 5 7 |  7.0
Dodging        | 3 4 5 6 7 10 | 10.0
Fighting       | 2 3 4 6 7 8 9 10 11 13 14 15 16 17 18 27 | 27.0
Evocations     | 2 4 6 7 8 9 10 | 10.0
Spellcasting   | 3 4 5 7 8 10 11 13 14 15 22 | 22.1
Ice Magic      | 7 9 10 14 15 17 18 20 22 24 25 27 | 27.0
Hexes          | 1 5 7 10 | 10.0
Shields        | 4 6 7 9 12 13 14 15 | 15.0
Air Magic      | 2 4 5 |  5.0
Conjurations   | 3 9 10 12 | 12.0
Earth Magic    | 2 6 8 10 | 10.0
Transmutations | 3 6 8 10 | 10.0
Unarmed Combat | |  3.0

Action                   |  1- 3 |  4- 6 |  7- 9 | 10-12 | 13-15 | 16-18 | 19-21 | 22-24 | 25-27 || total
-------------------------+-------+-------+-------+-------+-------+-------+-------+-------+-------++-------
Melee: Unarmed           |    26 |       |       |       |       |       |       |       |       ||    26
       Kick              |    15 |    18 |       |       |       |       |       |       |       ||    33
       Headbutt          |     8 |    16 |       |       |       |       |       |       |       ||    24
       Short sword       |    79 |   164 |   230 |    47 |       |       |       |       |       ||   520
       Dagger            |     8 |    77 |   502 |  1013 |   983 |       |       |       |       ||  2583
       Punch             |       |     3 |     5 |    16 |       |       |       |       |       ||    24
       Spear             |       |       |       |       |   452 |    42 |       |    31 |     8 ||   533
       Rapier            |       |       |       |       |   214 |   108 |       |       |       ||   322
Throw: Stone             |    44 |    17 |       |       |       |       |       |       |       ||    61
       Dart              |       |     7 |    26 |    73 |   161 |    27 |       |     1 |       ||   295
       Boomerang         |       |       |     1 |     7 |       |    15 |       |       |       ||    23
       Throwing net      |       |       |       |     1 |       |       |       |       |       ||     1
 Cast: Beastly Appendage |    29 |    22 |       |       |       |       |       |       |       ||    51
       Freeze            |       |       |       |   159 |   737 |   119 |       |       |       ||  1015
       Slow              |       |       |       |       |   271 |   132 |       |       |       ||   403
       Cause Fear        |       |       |       |       |    14 |     2 |       |       |       ||    16
       Airstrike         |       |       |       |       |    17 |    35 |    70 |       |       ||   122
       Leda's Liquefacti |       |       |       |       |    12 |     1 |       |       |       ||    13
       Metabolic Englaci |       |       |       |       |    11 |     9 |    23 |     4 |       ||    47
       Freezing Cloud    |       |       |       |       |     3 |    83 |       |       |       ||    86
       Ozocubu's Refrige |       |       |       |       |       |   365 |   474 |   463 |    69 ||  1371
       Orb of Destructio |       |       |       |       |       |       |    81 |   113 |       ||   194
       Absolute Zero     |       |       |       |       |       |       |       |   112 |   700 ||   812
       Statue Form       |       |       |       |       |       |       |       |     1 |    16 ||    17
Evoke: Wand              |       |       |       |    24 |    36 |     4 |     2 |       |     3 ||    69
       Lightning rod     |       |       |       |     5 |    13 |     8 |       |       |       ||    26
       Condenser vane    |       |       |       |       |     3 |     3 |       |     1 |     1 ||     8
       Tin of tremorston |       |       |       |       |       |       |     1 |       |       ||     1
  Use: Scroll            |       |    12 |    11 |     7 |    19 |    14 |    10 |    17 |    25 ||   115
       Potion            |       |     8 |     3 |     2 |     9 |     3 |       |       |     5 ||    30
 Stab: Sleeping          |     1 |    13 |    10 |    18 |    19 |     1 |       |       |       ||    62
       Invisible         |       |     2 |       |       |     2 |       |       |       |       ||     4
       Distracted        |       |       |       |     1 |     1 |       |       |       |       ||     2
       Paralysed         |       |       |       |       |     7 |       |       |       |       ||     7
Armor: Robe              |     5 |       |       |       |       |       |       |       |    11 ||    16
       Leather armour    |    16 |    20 |       |       |     2 |     3 |    34 |    28 |     6 ||   109
       Scale mail        |       |    40 |   241 |   414 |   313 |       |       |       |       ||  1008
       Steam dragon scal |       |       |       |       |   160 |    47 |       |       |       ||   207
       Skin              |       |       |       |       |       |     3 |       |       |    25 ||    28
Dodge: Dodged            |    91 |   102 |   301 |   689 |  1087 |   192 |   107 |    88 |    59 ||  2716
Block: Buckler           |       |       |       |   112 |   575 |    93 |    38 |    62 |    42 ||   922
       Kite shield       |       |       |       |    36 |       |       |       |       |       ||    36
